AoeStats
← alonsof47

Black Forest

503262041Analyzed
2v2 RM · 1mo ago on Aug 30, 2026· 57m 7s· 4 players
Game mode
Random Map
Map size
Medium (4 player)
Population
200
Speed
Normal
Resources
Standard
Victory
Conquest
Starting age
Dark Age
Ending age
Imperial Age
RankedLock teamsTeams togetherTeam positionsShared explorationLock speedFull tech treeHidden civsTurbo modeCheats
Victory
Defeat
🇲🇽 Celts · Mexico
977
+17
🇵🇪 Ethiopians · Peru
929
+19
🇺🇸 Britons · United States
1001
-18
🇲🇽 Huns · Mexico
1000
-55
alonsof47
4:52 Loom
9:51 Feudal Age
10:53 Double-Bit Axe
14:27 Fletching
17:00 Horse Collar
22:27 Castle Age
21:07 Bloodlines
21:30 Scale Barding Armor
23:15 Wheelbarrow
25:33 Heavy Plow
25:48 Bow Saw
25:23 Pikeman
29:49 Thumb Ring
32:13 Hand Cart
32:43 Bodkin Arrow
33:00 Forging
33:19 Gold Mining
35:42 Ballistics
38:40 Chain Barding Armor
44:05 Iron Casting
47:28 Padded Archer Armor
51:05 Imperial Age
muknass7
0:26 Loom
12:59 Feudal Age
14:19 Wheelbarrow
13:29 Horse Collar
13:36 Double-Bit Axe
20:59 Gold Mining
21:17 Stone Mining
24:39 Castle Age
23:02 Padded Archer Armor
22:57 Fletching
25:35 Hand Cart
25:22 Heavy Plow
25:35 Bow Saw
26:01 Gold Shaft Mining
28:37 Fortified Wall
28:23 Murder Holes
30:19 Crossbowman
31:00 Bodkin Arrow
31:20 Leather Archer Armor
36:07 Pikeman
39:35 Scale Mail Armor
39:45 Forging
45:31 Imperial Age
44:12 Yeomen
46:17 Bracer
46:47 Ring Archer Armor
45:43 Elite Longbowman
46:06 Treadmill Crane
47:44 Yeomen
48:51 Conscription
48:01 Cavalier
48:46 Husbandry
48:55 Scale Barding Armor
49:47 Ballistics
51:25 Chemistry
52:43 Arson
53:34 Halberdier
53:59 Gambesons
55:08 Halberdier
alexisfabian95
0:36 Loom
15:19 Feudal Age
17:47 Double-Bit Axe
20:47 Castle Age
19:00 Fishing Lines
20:58 Stone Mining
21:43 Gillnets
22:42 Wheelbarrow
22:58 Bow Saw
23:48 Gold Mining
23:47 Town Watch
25:31 Forging
25:12 Fletching
26:01 Hand Cart
27:19 Iron Casting
26:32 Gambesons
27:44 Scale Mail Armor
28:28 Padded Archer Armor
30:47 Bodkin Arrow
31:08 Chain Mail Armor
32:29 Gold Shaft Mining
33:30 Ballistics
33:32 Leather Archer Armor
38:00 Pikeman
38:26 Arson
42:20 Imperial Age
42:52 Town Patrol
44:34 Blast Furnace
44:06 Conscription
46:19 Furor Celtica
46:14 Horse Collar
48:15 Chemistry
47:21 Siege Engineers
47:26 Masonry
48:06 Elite Woad Raider
49:21 Plate Mail Armor
49:22 Ring Archer Armor
48:26 Heavy Scorpion
49:20 Heavy Plow
49:52 Halberdier
52:41 Stronghold
Miguel Angel
1:01 Loom
14:49 Feudal Age
20:47 Castle Age
25:33 Fletching
28:07 Fishing Lines
28:27 Double-Bit Axe
30:33 Crossbowman
33:23 Bow Saw
34:07 Gillnets
34:07 Elite Skirmisher
35:32 Gold Mining
39:42 Imperial Age
37:31 Caravan
38:04 Forging
38:29 Ballistics
40:56 Gold Shaft Mining
40:49 Conscription
40:31 Bodkin Arrow
42:02 Chemistry
41:38 Padded Archer Armor
42:41 Leather Archer Armor
42:16 Horse Collar
44:19 Bracer
45:03 Thumb Ring
46:10 Ring Archer Armor
46:44 Wheelbarrow
47:13 Arbalester
48:30 Iron Casting
50:15 Elite Shotel Warrior
51:02 Royal Heirs
53:54 Torsion Engines
Connection lost

Rejoining the realm…

Still unreachable

The connection could not be restored.

Session expired

The server has moved on; the page needs a fresh start.